 Dungeon Crawl Stone Soup version 0.25.1-2-g60ff931df9 (webtiles) character file.

Game seed: 9628211567750388324

171 Chiseanne the Skirmisher (level 5, -1/42 HPs)
             Began as a Demonspawn Wanderer on Oct 1, 2020.
             Was an Initiate of Ru.
             Slain by an orc
             ... wielding a +0 morningstar
              (5 damage)
             ... on level 4 of the Dungeon.
             The game lasted 00:05:39 (4618 turns).

Chiseanne the Skirmisher (Demonspawn Wanderer)      Turns: 4618, Time: 00:05:39

Health: -1/42      AC:  7    Str: 14    XL:     5   Next: 26%
Magic:  1/1        EV:  7    Int: 12    God:    Ru [......]
Gold:   184        SH:  7    Dex: 13    Spells: 4/4 levels left

rFire    + . .     SeeInvis .   a - +4 short sword (antimagic)
rCold    + . .     Gourm    .   b - +0 kite shield
rNeg     . . .     Faith    .   m - +0 ring mail
rPois    .         Spirit   .   (helmet restricted)
rElec    .         Reflect  .   d - scarf {rC+ rF+}
rCorr    .         Harm     .   (no gloves)
MR       .....                  (no boots)
Stlth    +.........             (no amulet)
HPRegen  0.14/turn              (no ring)
MPRegen  0.07/turn              (no ring)

@: stab, hasted, heavily drained, very quick
A: horns 2, slimy green scales 1
a: Renounce Religion


You were on level 4 of the Dungeon.
You worshipped Ru.
Ru was noncommittal.
You were not hungry.

You visited 1 branch of the dungeon, and saw 4 of its levels.

You collected 184 gold pieces.

Inventory:

Hand Weapons
 a - a +4 antimagic short sword (weapon)
Missiles
 g - 47 sling bullets
 i - 64 bolts
 k - 12 arrows
Armour
 b - a +0 kite shield (worn)
 d - a scarf of resistance (worn)
 m - a +0 ring mail (worn)
Jewellery
 p - an uncursed ring of fire {unknown}
Scrolls
 j - a scroll of amnesia {unknown}
 o - a scroll of immolation {unknown}
 q - a scroll of identify
Potions
 l - 2 potions of lignification
 n - a potion of might {unknown}
Comestibles
 c - a chunk of flesh
 f - 7 rations


   Skills:
 * Level 4.0(2.7) Fighting
   Level 1.0(0.0) Maces & Flails
 * Level 2.0(0.8) Armour
 * Level 2.2(0.9) Dodging
 - Level 1.0(0.0) Stealth
 * Level 2.5(1.2) Shields
   Level 3.2(1.9) Necromancy


You had 4 spell levels left.
You didn't know any spells.
Your spell library was empty.

Dungeon Overview and Level Annotations

Branches:
Dungeon (4/15)
 Temple: D:4-7

Altars:
Nemelex Xobeh
Ru
Trog


Innate Abilities, Weirdness & Mutations

You have a pair of horns on your head.
You are partially covered in slimy green scales. (AC +2)


Message History

The orc hits you with a +0 morningstar.
* * * LOW HITPOINT WARNING * * *
The orc barely misses you.
The orc priest casts a cantrip, but nothing happens.
You block the orc's attack.
You hit the orc priest.
You kill the orc priest!
Your base Fighting skill increases to level 4!
Your base Armour skill increases to level 2!
The orc hits you but does no damage. The orc barely misses you.
The orc hits you with a +0 hand axe.
* * * LOW HITPOINT WARNING * * *
You block the orc's attack.
It was a potion of stabbing.
You feel ready to backstab. The orc hits you with a +0 morningstar.
* * * LOW HITPOINT WARNING * * *
It was a potion of haste.
You feel yourself speed up. The orc hits you with a +0 morningstar.
You die...

.............#
.....#######.#
.....#####...#
.............#
.............+
.............#
.........[)..#
..##.........###########
.........$...ooo@.......
..########.#############
..# .... ##. #.#.# ..
#.#.# # #.. ##


You could see 3 orcs.

Vanquished Creatures
  A hound (D:2)
  2 orc priests
  An adder (D:3)
  5 worms
  3 leopard geckos
  An orc (D:4)
  7 bats
  2 giant cockroaches
  6 goblins
  7 hobgoblins
  3 jackals (D:1)
  5 kobolds
  A quokka (D:4)
  7 frilled lizards
  8 rats
59 creatures vanquished.

Notes
Turn   | Place    | Note
-------+----------+-------------------------------------------
     0 | D:1      | Chiseanne the Demonspawn Wanderer began the quest for the
                  | Orb.
     0 | D:1      | Chiseanne set off with the following items: a +0 mace, a +0
                  | kite shield, a scroll of teleportation, a +0 robe, a ration
     0 | D:1      | Reached XP level 1. HP: 18/18 MP: 1/1
   553 | D:2      | Gained mutation: You are partially covered in slimy green
                  | scales. (AC +2) [demonic ancestry]
   553 | D:2      | Reached XP level 2. HP: 5/24 MP: 2/2
  1212 | D:1      | Reached skill level 1 in Dodging
  1425 | D:1      | Gained mutation: You have a pair of small horns on your
                  | head. [demonic ancestry]
  1425 | D:1      | Reached XP level 3. HP: 29/29 MP: 3/3
  1980 | D:2      | Noticed a moth of wrath
  1983 | D:2      | Found a bloodstained altar of Trog.
  2354 | D:2      | HP: 1/29 [worm (9)]
  2834 | D:2      | Gained mutation: You have a pair of horns on your head.
                  | [demonic ancestry]
  2834 | D:2      | Reached XP level 4. HP: 6/37 MP: 4/4
  4177 | D:3      | Found a sparkling altar of Nemelex Xobeh.
  4279 | D:3      | Reached XP level 5. HP: 40/42 MP: 1/5
  4365 | D:3      | Found a sacrificial altar of Ru.
  4433 | D:3      | Became a worshipper of Ru the Awakened
  4611 | D:4      | Reached skill level 4 in Fighting
  4618 | D:4      | Slain by an orc

Illustrated notes

Levels and vault maps discovered:
D:1:      lightli_arrival_noodles, layout_loops_ring, minmay_misc_feat_rugged
D:2:      layout_loops_ring, tgw_trog
D:3:      layout_loops_corners, nicolae_overflow_crystal_walls,
          lemuel_crystal_altar, first_ration
D:4:      layout_basic, serial_shops, shop

Skill      XL: |  1  2  3  4  5 |
---------------+----------------+-----
Dodging        | 1 2 |  2.2
Shields        | 2 |  2.5
Fighting       | 4 |  4.0
Armour         | 2 |  2.0
Maces & Flails | |  1.0
Stealth        | |  1.0
Necromancy     | |  3.2

Action                   |  1- 3 |  4- 6 || total
-------------------------+-------+-------++-------
Melee: Mace              |   151 |       ||   151
       Long sword        |    16 |     6 ||    22
       Headbutt          |    12 |    12 ||    24
       Short sword       |       |    57 ||    57
  Use: Scroll            |     2 |     4 ||     6
       Potion            |       |     2 ||     2
 Stab: Sleeping          |     2 |       ||     2
  Eat: Chunk             |     6 |     6 ||    12
Armor: Robe              |    25 |       ||    25
       Ring mail         |    28 |    19 ||    47
Dodge: Dodged            |   100 |    28 ||   128
Block: Kite shield       |    92 |    29 ||   121
       Rpst.: Long sword |     2 |       ||     2
